| TOP OF THE 1ST |
|
Florida Marlins batting - Pitching for New York Yankees : RHP Brian Moehler
|
|
Pitching: RHP Brian Moehler
|
|
|
Batting: LHB Craig Counsell
|
0-0: Ball 1-0: Ball 2-0: Called Strike 2-1: Swinging Strike 2-2: Foul Ball, location: 2F 2-2: Foul Ball, location: 2F 2-2: Ground out 6-3 (Groundball, 6M, EV 98.1 MPH)
|
|
Batting: RHB Charles Johnson
|
0-0: Ball 1-0: Fly out, F7 (Flyball, 7D, EV 81.3 MPH)
|
|
Batting: RHB Richie Sexson
|
0-0: Foul Ball, location: 2F 0-1: Fly out, F9 (Flyball, 9S, EV 82.5 MPH)
|
| Top of the 1st over - 0 runs, 0 hits, 0 errors, 0 left on base; Florida 0 - New York 0 |
| BOTTOM OF THE 1ST |
|
New York Yankees batting - Pitching for Florida Marlins : LHP Al Leiter
|
|
Pitching: LHP Al Leiter
|
|
|
Batting: RHB Orlando Cabrera
|
0-0: Foul Ball, location: 2F 0-1: Ball 1-1: Ball 2-1: Ball 3-1: SINGLE (Line Drive, 9S, EV 106.3 MPH)
|
|
Batting: LHB Bobby Abreu
|
0-0: Called Strike 0-1: Ball 1-1: Ball 2-1: Ball 3-1: Foul Ball, location: 2F 3-2: Foul Ball, location: 2F 3-2: Strikes out looking
|
|
Batting: RHB Mike Lieberthal
|
0-0: Called Strike 0-1: Ball 1-1: Swinging Strike 1-2: Foul Ball, location: 2F 1-2: Strikes out looking
|
|
Batting: RHB Kazuhiro Kiyohara
|
0-0: Ball 1-0: Called Strike 1-1: Foul Ball, location: 2F 1-2: Foul Ball, location: 2F 1-2: Foul Ball, location: 2F 1-2: Foul Ball, location: 2F 1-2: Ball 2-2: Foul Ball, location: 2F 2-2: Foul Ball, location: 2F 2-2: Strikes out swinging
|
| Bottom of the 1st over - 0 runs, 1 hit, 0 errors, 1 left on base; Florida 0 - New York 0 |
| TOP OF THE 2ND |
|
Florida Marlins batting - Pitching for New York Yankees : RHP Brian Moehler
|
|
Batting: RHB Juan Encarnacion
|
0-0: Swinging Strike 0-1: Ball 1-1: Called Strike 1-2: Strikes out swinging
|
|
Batting: LHB Mark Kotsay
|
0-0: Ball 1-0: Called Strike 1-1: Swinging Strike 1-2: Foul Ball, location: 2F 1-2: Ball 2-2: SINGLE (Groundball, 4D, EV 102.5 MPH)
|
|
Batting: LHB Todd Walker
|
0-0: Ball 1-0: Ball 2-0: Ball 3-0: SINGLE (Line Drive, 9S, EV 98.1 MPH) Mark Kotsay to second
|
|
Batting: RHB Edgardo Alfonzo
|
0-0: Foul Ball, location: 2F 0-1: Ball 1-1: Ball 2-1: SINGLE (Line Drive, 78S, EV 88.8 MPH) Mark Kotsay to third Todd Walker to second Runner from 3rd tries for Home, SAFE, no throw by CF
|
|
Batting: RHB Rondell White
|
0-0: Swinging Strike 0-1: Ball Todd Walker steals 3rd base Edgardo Alfonzo to second 1-1: Ball 2-1: Called Strike 2-2: Strikes out swinging
|
|
Batting: SHB Luis Castillo
|
0-0: Ground out 4-3 (Groundball, 4, EV 85.6 MPH)
|
| Top of the 2nd over - 1 run, 3 hits, 0 errors, 2 left on base; Florida 1 - New York 0 |
| BOTTOM OF THE 2ND |
|
New York Yankees batting - Pitching for Florida Marlins : LHP Al Leiter
|
|
Batting: RHB Travis Fryman
|
0-0: Foul Ball, location: 2F 0-1: Ball 1-1: Ball 2-1: Foul Ball, location: 2F 2-2: Foul Ball, location: 2F 2-2: Strikes out swinging
|
|
Batting: RHB Phil B. Clark
|
0-0: Fly out, F8 (Line Drive, 8LM, EV 107.5 MPH)
|
|
Batting: RHB Mike Gallego
|
0-0: Ball 1-0: Ground out 1-3 (Groundball, P, EV 66.9 MPH)
|
| Bottom of the 2nd over - 0 runs, 0 hits, 0 errors, 0 left on base; Florida 1 - New York 0 |
| TOP OF THE 3RD |
|
Florida Marlins batting - Pitching for New York Yankees : RHP Brian Moehler
|
|
Batting: LHB Craig Counsell
|
0-0: Ball 1-0: Ball 2-0: Ball 3-0: Called Strike 3-1: Foul Ball, location: 2F 3-2: SINGLE (Line Drive, 6MD, EV 97.5 MPH)
|
|
Batting: RHB Charles Johnson
|
0-0: Ball 1-0: Bunt missed! 1-1: Bunt missed! 1-2: Ball 2-2: Ball 3-2: Base on Balls Craig Counsell to second
|
|
Batting: RHB Richie Sexson
|
0-0: Called Strike 0-1: Ball 1-1: Ball 2-1: Foul Ball, location: 2F 2-2: 3-RUN HOME RUN (Flyball, 8LXD, EV 106.9 MPH), Distance : 421 ft
|
|
Batting: RHB Juan Encarnacion
|
0-0: Ball 1-0: Ball 2-0: Called Strike 2-1: Foul Ball, location: 2F 2-2: Ball 3-2: Strikes out swinging
|
|
Batting: LHB Mark Kotsay
|
0-0: Called Strike 0-1: Ball 1-1: Ball 2-1: Fly out, F9 (Flyball, 89D, EV 97.5 MPH)
|
|
Batting: LHB Todd Walker
|
0-0: Ball 1-0: Ball 2-0: Fly out, F9 (Flyball, 9S, EV 71.9 MPH)
|
| Top of the 3rd over - 3 runs, 2 hits, 0 errors, 0 left on base; Florida 4 - New York 0 |
| BOTTOM OF THE 3RD |
|
New York Yankees batting - Pitching for Florida Marlins : LHP Al Leiter
|
|
Batting: SHB Quinton McCracken
|
0-0: Ball 1-0: Ball 2-0: Fly out, F6 (Popup, 4MD, EV 48.1 MPH)
|
|
Batting: RHB Darren Lewis
|
0-0: Ball 1-0: Ball 2-0: Called Strike 2-1: Foul Ball, location: 2F 2-2: Ball 3-2: Strikes out looking
|
|
Batting: RHB Orlando Cabrera
|
0-0: Swinging Strike 0-1: SINGLE (Flyball, 9S, EV 94.4 MPH)
|
|
Batting: LHB Bobby Abreu
|
0-0: Ball 1-0: Called Strike 1-1: Swinging Strike 1-2: Strikes out swinging
|
| Bottom of the 3rd over - 0 runs, 1 hit, 0 errors, 1 left on base; Florida 4 - New York 0 |
| TOP OF THE 4TH |
|
Florida Marlins batting - Pitching for New York Yankees : RHP Brian Moehler
|
|
Batting: RHB Edgardo Alfonzo
|
0-0: Foul Ball, location: 2F 0-1: Foul Ball, location: 2F 0-2: Strikes out swinging
|
|
Batting: RHB Rondell White
|
0-0: Called Strike 0-1: Ball 1-1: Swinging Strike 1-2: Ball 2-2: Hit by Pitch
|
|
Batting: SHB Luis Castillo
|
0-0: Swinging Strike 0-1: Ball 1-1: Fielders Choice at 2nd, 3-6 (Groundball, 3S, EV 78.8 MPH)
|
|
Batting: LHB Craig Counsell
|
0-0: Called Strike Luis Castillo is caught stealing 2nd base 2-6
|
| Top of the 4th over - 0 runs, 0 hits, 0 errors, 0 left on base; Florida 4 - New York 0 |
| BOTTOM OF THE 4TH |
|
New York Yankees batting - Pitching for Florida Marlins : LHP Al Leiter
|
|
Batting: RHB Mike Lieberthal
|
0-0: Called Strike 0-1: Ball 1-1: SOLO HOME RUN (Flyball, 78XD, EV 96.9 MPH), Distance : 427 ft
|
|
Batting: RHB Kazuhiro Kiyohara
|
0-0: Called Strike 0-1: Swinging Strike 0-2: Strikes out swinging
|
|
Batting: RHB Travis Fryman
|
0-0: Called Strike 0-1: Swinging Strike 0-2: Strikes out swinging
|
|
Batting: RHB Phil B. Clark
|
0-0: Ball 1-0: Ball 2-0: Ground out 1-3 (Groundball, 34S, EV 69.4 MPH)
|
| Bottom of the 4th over - 1 run, 1 hit, 0 errors, 0 left on base; Florida 4 - New York 1 |
| TOP OF THE 5TH |
|
Florida Marlins batting - Pitching for New York Yankees : RHP Brian Moehler
|
|
Batting: LHB Craig Counsell
|
0-0: Ball 1-0: Ball 2-0: Ball 3-0: Called Strike 3-1: Base on Balls
|
|
Batting: RHB Charles Johnson
|
0-0: Bunted foul 0-1: Called Strike 0-2: Fielders Choice at 2nd, 4-6 (Groundball, 4, EV 76.3 MPH)
|
|
Batting: RHB Richie Sexson
|
0-0: Ball 1-0: Called Strike 1-1: Fly out, F9 (Flyball, 89S, EV 79.4 MPH)
|
|
Batting: RHB Juan Encarnacion
|
0-0: Ground out 4-3 (Groundball, 4D, EV 96.9 MPH)
|
| Top of the 5th over - 0 runs, 0 hits, 0 errors, 1 left on base; Florida 4 - New York 1 |
| BOTTOM OF THE 5TH |
|
New York Yankees batting - Pitching for Florida Marlins : LHP Al Leiter
|
|
Batting: RHB Mike Gallego
|
0-0: Called Strike 0-1: Swinging Strike 0-2: Foul Ball, location: 2F 0-2: Foul Ball, location: 2F 0-2: Ball 1-2: Ball 2-2: Strikes out swinging
|
|
Batting: SHB Quinton McCracken
|
0-0: Foul Ball, location: 2F 0-1: Ball 1-1: Swinging Strike 1-2: Foul Ball, location: 2F 1-2: Foul Ball, location: 2F 1-2: Strikes out looking
|
|
Batting: RHB Darren Lewis
|
0-0: Called Strike 0-1: Ball 1-1: Foul Ball, location: 2F 1-2: Ball 2-2: Strikes out swinging
|
| Bottom of the 5th over - 0 runs, 0 hits, 0 errors, 0 left on base; Florida 4 - New York 1 |
| TOP OF THE 6TH |
|
Florida Marlins batting - Pitching for New York Yankees : RHP Brian Moehler
|
|
Batting: LHB Mark Kotsay
|
0-0: Swinging Strike 0-1: Ball 1-1: Called Strike 1-2: Ball 2-2: Foul Ball, location: 2F 2-2: Strikes out swinging
|
|
Pitching: RHP Lee Smith
|
|
|
Batting: LHB Todd Walker
|
0-0: SINGLE (Line Drive, 7LS, EV 100.6 MPH)
|
|
Batting: RHB Edgardo Alfonzo
|
0-0: Ball 1-0: Swinging Strike 1-1: Ball Todd Walker is caught stealing 2nd base 2-4 2-1: Foul Ball, location: 2F 2-2: Foul Ball, location: 2F 2-2: Foul Ball, location: 2F 2-2: SOLO HOME RUN (Flyball, 9D, EV 102.5 MPH), Distance : 387 ft
|
|
Batting: RHB Rondell White
|
0-0: Ball 1-0: Fly out, F6 (Flyball, 56D, EV 92.5 MPH)
|
| Top of the 6th over - 1 run, 2 hits, 0 errors, 0 left on base; Florida 5 - New York 1 |
| BOTTOM OF THE 6TH |
|
New York Yankees batting - Pitching for Florida Marlins : LHP Al Leiter
|
|
Batting: RHB Orlando Cabrera
|
0-0: Called Strike 0-1: Called Strike 0-2: Fly out, F8 (Line Drive, 8LM, EV 90.6 MPH)
|
|
Batting: LHB Bobby Abreu
|
0-0: Fly out, F9 (Line Drive, 9, EV 93.8 MPH)
|
|
Batting: RHB Mike Lieberthal
|
0-0: Foul Ball, location: 2F 0-1: Ball 1-1: Ground out 6-3 (Groundball, 56, EV 84.4 MPH)
|
| Bottom of the 6th over - 0 runs, 0 hits, 0 errors, 0 left on base; Florida 5 - New York 1 |
| TOP OF THE 7TH |
|
Florida Marlins batting - Pitching for New York Yankees : RHP Lee Smith
|
|
Batting: SHB Luis Castillo
|
0-0: Called Strike 0-1: Ground out 5-3 (Groundball, 5L, EV 86.9 MPH)
|
|
Batting: LHB Craig Counsell
|
0-0: Foul Ball, location: 2F 0-1: Ball 1-1: Ball 2-1: Ground out 4-3 (Groundball, 4M, EV 85.6 MPH)
|
|
Batting: RHB Charles Johnson
|
0-0: Ball 1-0: Fly out, F9 (Flyball, 9LS, EV 73.8 MPH)
|
| Top of the 7th over - 0 runs, 0 hits, 0 errors, 0 left on base; Florida 5 - New York 1 |
| BOTTOM OF THE 7TH |
|
New York Yankees batting - Pitching for Florida Marlins : LHP Al Leiter
|
|
Batting: RHB Kazuhiro Kiyohara
|
0-0: Ball 1-0: Ball 2-0: Foul Ball, location: 2F 2-1: Foul Ball, location: 2F 2-2: SINGLE (Groundball, 6D, EV 106.3 MPH)
|
|
Batting: RHB Travis Fryman
|
0-0: Foul Ball, location: 2F 0-1: 2-RUN HOME RUN (Flyball, 7LD, EV 100.0 MPH), Distance : 352 ft
|
|
Batting: RHB Phil B. Clark
|
0-0: Called Strike 0-1: Foul Ball, location: 2F 0-2: Strikes out swinging
|
|
Batting: RHB Mike Gallego
|
0-0: Ground out 6-3 (Groundball, 56, EV 92.5 MPH)
|
|
Batting: SHB Quinton McCracken
|
0-0: Ball 1-0: SINGLE (Flyball, 9LS, EV 86.3 MPH)
|
|
Batting: RHB Darren Lewis
|
0-0: Ball 1-0: Called Strike 1-1: Ground out 4-3 (Groundball, 4M, EV 110.6 MPH)
|
| Bottom of the 7th over - 2 runs, 3 hits, 0 errors, 1 left on base; Florida 5 - New York 3 |
| TOP OF THE 8TH |
|
Florida Marlins batting - Pitching for New York Yankees : RHP Lee Smith
|
|
Pitching: RHP Jose Mesa
|
|
|
Batting: RHB Richie Sexson
|
0-0: Called Strike 0-1: Ball 1-1: Called Strike 1-2: Fly out, F8 (Flyball, 8RS, EV 90.0 MPH)
|
|
Batting: RHB Juan Encarnacion
|
0-0: SINGLE (Groundball, 56, EV 96.9 MPH)
|
|
Batting: LHB Mark Kotsay
|
0-0: Called Strike 0-1: Ground out U3 (Groundball, 3S, EV 65.0 MPH) Juan Encarnacion to second
|
|
Batting: LHB Todd Walker
|
0-0: Fly out, F7 (Line Drive, 7D, EV 88.8 MPH)
|
| Top of the 8th over - 0 runs, 1 hit, 0 errors, 1 left on base; Florida 5 - New York 3 |
| BOTTOM OF THE 8TH |
|
New York Yankees batting - Pitching for Florida Marlins : LHP Al Leiter
|
|
Batting: RHB Orlando Cabrera
|
0-0: Ground out 6-3 (Groundball, 6, EV 105.0 MPH)
|
|
Batting: LHB Bobby Abreu
|
0-0: Ball 1-0: Foul Ball, location: 2F 1-1: Swinging Strike 1-2: Foul Ball, location: 2F 1-2: Strikes out swinging
|
|
Batting: RHB Mike Lieberthal
|
0-0: Called Strike 0-1: Swinging Strike 0-2: Ball 1-2: Foul Ball, location: 2F 1-2: Ball 2-2: Fly out, F7 (Flyball, 78S, EV 88.8 MPH)
|
| Bottom of the 8th over - 0 runs, 0 hits, 0 errors, 0 left on base; Florida 5 - New York 3 |
| TOP OF THE 9TH |
|
Florida Marlins batting - Pitching for New York Yankees : RHP Jose Mesa
|
|
Batting: RHB Edgardo Alfonzo
|
0-0: Ball 1-0: Fly out, F6 (Popup, P, EV 78.8 MPH)
|
|
Batting: RHB Rondell White
|
0-0: Ball 1-0: SINGLE (Groundball, 6MD, EV 95.0 MPH)
|
|
Batting: SHB Luis Castillo
|
0-0: Fielders Choice at 2nd, 4-6 (Groundball, 34, EV 81.3 MPH)
|
|
Batting: LHB Craig Counsell
|
0-0: Ball Luis Castillo is caught stealing 2nd base 2-6
|
| Top of the 9th over - 0 runs, 1 hit, 0 errors, 0 left on base; Florida 5 - New York 3 |
| BOTTOM OF THE 9TH |
|
New York Yankees batting - Pitching for Florida Marlins : LHP Al Leiter
|
|
Pitching: RHP Bryan Harvey
|
|
|
Batting: RHB Kazuhiro Kiyohara
|
0-0: Called Strike 0-1: Ball 1-1: Foul Ball, location: 2F 1-2: Ball 2-2: Foul Ball, location: 2F 2-2: Ball 3-2: Strikes out swinging
|
|
Batting: RHB Travis Fryman
|
0-0: Ball 1-0: Ball 2-0: Foul Ball, location: 2F 2-1: Ball 3-1: Foul Ball, location: 2F 3-2: Strikes out swinging
|
|
Batting: RHB Phil B. Clark
|
0-0: Foul Ball, location: 2F 0-1: Called Strike 0-2: Strikes out looking
|
| Bottom of the 9th over - 0 runs, 0 hits, 0 errors, 0 left on base; Florida 5 - New York 3 |
|